 Dungeon Crawl Stone Soup version 0.19-a0-1899-g2d93087 (webtiles) character file.

1941879 Banto the Heavyweight Champion (level 27, 351/351 HPs)
             Began as a Troll Chaos Knight on Oct 19, 2016.
             Escaped with the Orb
             ... and 3 runes on Oct 20, 2016!
             The game lasted 01:58:48 (54224 turns).

Banto the Heavyweight Champion (TrCK)              Turns: 54224, Time: 01:58:48

Health: 351/351    AC: 24    Str: 26    XL:     27
Magic:  29/29      EV: 19    Int: 12    God:    Xom [....*.]
Gold:   6833       SH:  6    Dex: 18    Spells: 2 memorised, 15 levels left

rFire  + + .     SeeInvis .       - Unarmed
rCold  + + +     Gourm    +     X - +0 storm dragon scales
rNeg   . . .     Faith    .     (no shield)
rPois  +         Spirit   .     I - +2 hat {MR+}
rElec  +         Reflect  +     A - +2 cloak
rCorr  +         Harm     .     (gloves unavailable)
MR     +++++                    (boots unavailable)
Stlth  ..........               Y - +6 amulet of reflection
                                h - ring of resist corrosion
                                c - +4 ring of slaying (curse)

@: no status effects
A: unfitting armour, claws 3, fangs 1, horns 1, talons 3, slimy green scales 2,
blink, blurry vision 1, clever 2, cold resistance 3, deformed body,
deterioration 1, fire resistance 2, fast metabolism 3, gourmand, magic
resistance 2, mutation resistance 1, poison resistance, regeneration 1, robust
2, screaming 1, shaggy fur 1, tough skin 2, weak 1, no device heal 1, sturdy
frame 1
a: Blink, Renounce Religion
0: Orb of Zot
}: 3/15 runes: decaying, slimy, gossamer


You escaped.
You worshipped Xom.
You were a beloved toy of Xom.
You were completely stuffed.

You visited 10 branches of the dungeon, and saw 53 of its levels.
You also visited: Ice Cave.

You collected 8579 gold pieces.
You spent 1746 gold pieces at shops.

Inventory:

Missiles
 s - 8 throwing nets
 J - 153 large rocks (quivered)
Armour
 A - a +2 cloak (worn)
 I - a +2 hat of magic resistance (worn)
 M - +2 gold dragon scales
 U - quicksilver dragon scales
 X - +0 storm dragon scales (worn)
Jewellery
 c - a cursed +4 ring of slaying (left claw)
 h - a ring of resist corrosion (right claw)
 l - an uncursed ring of protection from cold
 y - the cursed ring "Jujuiseu" {rElec rF+ Int+2 Dex-3 Stlth-}
   (You found it on level 13 of the Dungeon)

   [ring of loudness]

   It affects your intelligence (+2).
   It affects your dexterity (-3).
   It protects you from fire.
   It insulates you from electricity.
   It makes you less stealthy.
   It has a curse placed upon it.
 Y - a +6 amulet of reflection (around neck)
Wands
 d - a wand of teleportation (4/9)
 e - a wand of digging (17/24)
 P - a wand of teleportation (3/9)
 Q - a wand of digging (11/24)
 R - a wand of teleportation (4/9)
 W - a wand of hasting (1/9)
Scrolls
 a - 6 scrolls of fog
 f - 8 scrolls of magic mapping
 i - 12 scrolls of fear
 j - 11 scrolls of enchant armour
 k - 29 scrolls of remove curse
 q - 14 scrolls of teleportation
 u - 11 scrolls of enchant weapon
 v - 11 scrolls of identify
 w - a scroll of holy word
 D - 5 scrolls of blinking
 H - 6 scrolls of recharging
 V - a scroll of summoning
Potions
 n - 2 potions of haste
 o - 4 potions of flight
 t - 10 potions of brilliance
 x - 5 potions of cancellation
 z - 24 potions of curing
 B - a potion of berserk rage
 F - 6 potions of heal wounds
 N - 3 potions of resistance
 O - a potion of invisibility
Miscellaneous
 p - a fan of gales
 E - a lamp of fire
 L - a phial of floods
 T - a phantom mirror
Comestibles
 b - 20 bread rations
 g - 14 slices of pizza
 m - 16 beef jerkies
 r - 22 meat rations
 C - 29 fruits
 G - 6 royal jellies


   Skills:
 + Level 20.5 Fighting
 - Level 11.0 Throwing
 - Level 18.0 Armour
 - Level 18.0 Dodging
 O Level 27 Unarmed Combat
 - Level 10.0 Evocations


You had 15 spell levels left.
You knew the following spells:

 Your Spells              Type           Power        Failure   Level  Hunger
a - Silence               Hex/Air        #.........   100%        5    ######.
b - Deflect Missiles      Chrm/Air       #.........   100%        6    #######


Dungeon Overview and Level Annotations

Branches:
Dungeon (15/15)            Temple (0/1) D:7            Lair (6/6) D:11
  Swamp (4/4) Lair:3       Spider (4/4) Lair:3        Slime (5/5) Lair:5
    Orc (2/2) D:12            Elf (3/3) Orc:2        Vaults (4/5) D:14
  Crypt (0/3) Vaults:3     Depths (5/5) D:15            Zot (5/5) Depths:5

Altars:
Ashenzari
Cheibriados
Elyvilon
Fedhas
Gozag
Kikubaaqudgha
Nemelex Xobeh
Qazlal
Trog
Uskayaw
Vehumet
Xom
The Shining One
Beogh

Shops:
D:8 [   D:9 ?   D:13 (   Orc:2 [::![   Vaults:1 ?   Vaults:3 :   Depths:3 *[!%
Depths:5 =*

Portals:
Hell: Depths:1 Depths:2 Depths:3* Depths:4 Depths:5
Abyss: Depths:2 Depths:4 Depths:5
Pandemonium: Depths:3 Depths:4
Ziggurat: Depths:3


Innate Abilities, Weirdness & Mutations

You are too large for most types of armour.
You have claws for hands.
Your metabolism is lightning-fast.
You like to eat raw meat.
Your natural rate of healing is unusually fast.
You are covered in fur. (AC +1)
You have very tough skin. (AC +2)
You have very sharp teeth.
You have a pair of small horns on your head.
You have claws for feet.
You are mostly covered in slimy green scales. (AC +3)
You can translocate small distances at will.
Scrolls take you a little longer to read.
Your mind is very acute. (Int +4)
Your flesh is almost immune to the effects of cold. (rC+++)
Armour fits poorly on your strangely shaped body.
Your body sometimes deteriorates upon taking damage.
Your flesh is very heat resistant. (rF++)
You are highly resistant to hostile enchantments. (MR++)
You are somewhat resistant to further mutation.
Your system is resistant to poisons. (rPois)
You are very robust. (+20% HP)
You occasionally shout uncontrollably at your foes.
You are weak. (Str -2)
Potions and wands are less effective at restoring your health.
Your movements are slightly less encumbered by armour. (ER -2)


Message History

(D) Dungeon (T) Temple (L) Lair (S) Swamp (N) Spider Nest (M) Slime Pits (O) Orcish Mines (E) Elven Halls (V) Vaults (C) Crypt (U) Depths (H) Hell (Z) Zot
Where to? (Enter - D:1 @ (x,y), ? - help)
There is an open door here.
There is an open door here.
There is a staircase leading out of the dungeon here.
You start eating one of the 25 meat rations.
You continue eating. x2
You are starving!
You finish eating.
That meat ration really hit the spot!
You start eating one of the 24 meat rations.
You continue eating. x2
You finish eating.
That meat ration really hit the spot!
You start eating one of the 23 meat rations.
You continue eating. x2
You finish eating.
That meat ration really hit the spot!
There is a staircase leading out of the dungeon here.
You have escaped!

#..# #. ### ##.# ### ##.
#.##### ########..###.###..
#.....###.............##...
#....................##....
#.......#####...........###
#....####...####.....####..
#..###.........###'###.....
#..#......@......'.'......⌠
#..###.........###'###.....
#....####...####.....####..
###.....#####...###.....###
###..........##.......)..
###....###############.
###### #


There were no monsters in sight!

Vanquished Creatures
  the Royal Jelly (Slime:5)
  5 ancient liches
  Mara (D:15)
  4 orbs of fire (Zot:5)
  A juggernaut (Depths:2)
  Sojobo (Vaults:3)
  Margery (Depths:3)
  7 Killer Klowns
  A pandemonium lord (D:9)
  A caustic shrike (Depths:2)
  11 golden dragons
  2 bone dragons
  A Brimstone Fiend (D:7)
  4 electric golems
  Jorgrun (Elf:2)
  The ghost of tempest the Shatterer, an adept OgBe of Trog (Depths:2)
  12 tentacled monstrosities
  27 Orb Guardians
  6 liches
  3 deep elf blademasters
  3 titans
  2 quicksilver dragons
  Asterion (Vaults:1)
  2 deep elf master archers (Elf:3)
  7 death cobs
  Gastronok (Lair:2)
  16 acid blobs
  3 sphinxes
  5 shadow dragons
  14 storm dragons
  Donald (Elf:2)
  12 azure jellies
  6 tengu reavers
  4 draconian monks
  An iron dragon (shapeshifter) (Slime:5)
  14 fire giants
  2 iron dragons
  11 frost giants
  4 draconian knights
  9 ghost moths
  11 vault wardens
  5 deep elf sorcerers
  2 orc warlords (Depths:3)
  7 draconian scorchers
  Louise (Depths:5)
  The ghost of HANFGEIST the Spry, an adept DEWz of Vehumet (Spider:2)
  5 draconian zealots
  2 emperor scorpions (Spider:4)
  3 draconian shifters (Zot:2)
  5 deep elf elementalists (Elf:3)
  3 draconian annihilators
  3 spriggan defenders
  A reaper (Depths:1)
  A juggernaut skeleton (Depths:3)
  A stone giant (shapeshifter) (Zot:5)
  29 stone giants
  16 ironheart preservers
  23 very ugly things
  The ghost of Cirk the Fencer, a journeyman HEMo of Yredelemnul (D:15)
  4 entropy weavers
  6 vampire knights
  2 draconian callers
  8 deep elf demonologists (Elf:3)
  4 green draconians
  2 mottled draconians
  6 purple draconians
  5 yellow draconians
  Azrael (D:14)
  8 black draconians
  4 red draconians
  A lorocyproca (Depths:4)
  6 white draconians
  6 deep elf annihilators
  9 spark wasps
  19 ettins
  A green death (Depths:1)
  5 death oozes (Slime:5)
  Snorg (D:11)
  9 yaktaur captains
  5 deep elf death magi
  9 fire dragons
  2 deep elf high priests (Elf:3)
  5 rakshasas
  9 great orbs of eyes
  Harold (Lair:3)
  Fannar (Orc:1)
  15 hydras
  14 ice dragons
  16 vault guards
  9 spriggan air magi
  2 death knights
  A ghost crab (Spider:3)
  2 catoblepae
  An anaconda (Swamp:4)
  9 alligators
  15 centaur warriors
  Erica (Lair:1)
  7 deep troll shamans
  23 dancing weapons
  9 deep troll earth magi
  An alligator (shapeshifter) (Depths:1)
  A hell hog (D:14)
  7 tengu warriors
  8 vampire magi
  17 ogre magi
  7 death yaks
  2 orc high priests
  12 hell knights
  4 spriggan berserkers
  A soul eater (Depths:1)
  A storm dragon zombie (Vaults:3)
  28 deep elf knights
  3 sun demons
  2 shadow wraiths
  A titan skeleton (Depths:3)
  A skeletal warrior (Vaults:1)
  A storm dragon skeleton (Depths:3)
  3 spriggans
  2 sixfirhies
  8 wizards
  32 deep trolls
  3 iron trolls (Depths:3)
  6 unseen horrors
  5 glowing orange brains
  2 shadow demons (Zot:5)
  A golden dragon zombie (Depths:3)
  2 tengu zombies (Depths:3)
  A swamp dragon (shapeshifter) (Elf:2)
  2 lindwurms (Lair:6)
  A spriggan druid (Swamp:3)
  2 death drakes (shapeshifter) (Depths:2)
  A flayed ghost (Depths:4)
  11 deep elf archers
  4 swamp dragons
  An obsidian statue (D:8)
  9 ironbrand convokers
  10 hill giants
  17 orc knights
  A shambling mangrove (Swamp:3)
  23 wolf spiders
  2 harpies (shapeshifter)
  13 harpies
  10 necromancers
  37 ugly things
  A tengu skeleton (Vaults:3)
  Pikel (D:6)
  64 deep elf magi
  13 orb spiders
  A human zombie (Vaults:3)
  5 shining eyes
  3 oklob plants
  10 cyclopes
  5 manticores
  A frost giant zombie (Depths:3)
  9 orc sorcerers
  10 moths of wrath
  3 salamanders
  4 large abominations
  A moth of wrath (shapeshifter) (Vaults:2)
  4 centaur zombies
  3 ice statues (IceCv)
  A guardian serpent (shapeshifter) (Vaults:3)
  Maurice (Orc:1)
  10 torpor snails
  9 vault sentinels
  3 rust devils
  2 black mambas
  2 smoke demons (Zot:4)
  6 eyes of devastation
  An orange demon (Zot:5)
  2 kobold demonologists
  An eye of devastation (shapeshifter) (Depths:2)
  4 gargoyles
  A spiny frog (shapeshifter) (Depths:1)
  23 spiny frogs
  36 yaktaurs
  9 freezing wraiths
  A rime drake (Lair:1)
  2 rime drakes (shapeshifter)
  A tormentor (Depths:3)
  3 komodo dragons
  8 demonic crawlers
  3 hellwings
  2 efreet (D:14)
  3 tengu conjurers
  A golden dragon simulacrum (Depths:3)
  8 ice devils (IceCv)
  6 trolls
  A tengu simulacrum (Depths:3)
  2 red devils
  29 jumping spiders
  A polar bear (shapeshifter) (Vaults:3)
  A polar bear (Lair:2)
  A wind drake (shapeshifter) (Depths:2)
  A queen bee (shapeshifter) (Elf:3)
  A tyrant leech (shapeshifter) (Depths:2)
  16 two-headed ogres
  7 tyrant leeches
  7 bog bodies
  32 hornets
  76 slime creatures
  A snapping turtle (shapeshifter) (Depths:3)
  5 dream sheep (Lair:4)
  14 hippogriffs
  6 shadows
  58 redbacks
  2 vampires
  5 water elementals
  22 air elementals
  An ettin skeleton (Vaults:3)
  3 wraiths
  A yak (shapeshifter) (Depths:5)
  21 tarantellas
  A wyvern (Lair:3)
  A ynoxinul (Depths:3)
  A human (Depths:3)
  A hog (shapeshifter) (Vaults:1)
  A basilisk (Lair:3)
  35 yaks
  A basilisk (shapeshifter) (Vaults:1)
  4 fire elementals
  A human (shapeshifter) (Vaults:1)
  A golden eye (shapeshifter) (Vaults:1)
  6 golden eyes (Slime:1)
  Eustachio (D:6)
  A hungry ghost (D:8)
  40 vampire mosquitoes
  4 swamp worm simulacra (Swamp:4)
  A yaktaur simulacrum (Vaults:1)
  2 chaos spawn
  9 insubstantial wisps
  A soldier ant (shapeshifter) (Vaults:1)
  A small abomination (Depths:1)
  A soldier ant (D:8)
  15 swamp worms
  A mottled dragon (Vaults:1)
  12 wargs
  4 hell hounds (D:14)
  17 water moccasins
  15 hydra simulacra (Swamp:4)
  9 porcupines
  A porcupine (shapeshifter) (Vaults:1)
  2 floating eyes
  4 slaves (D:6)
  7 sky beasts
  39 orc warriors
  5 swamp drakes
  A black bear (D:11)
  52 ogres
  4 phantoms
  A black bear (shapeshifter) (Depths:5)
  6 ice beasts
  2 ettin simulacra
  2 necrophages
  9 eyes of draining
  19 centaurs
  10 boggarts
  7 elf zombies
  22 wolves
  15 crocodiles
  6 big kobolds
  A crocodile (shapeshifter) (Depths:2)
  23 bullfrogs
  2 glowing shapeshifter simulacra (Vaults:3)
  2 spectral wargs (Depths:3)
  3 earth elementals (Elf:3)
  A wyvern skeleton (D:9)
  3 scorpions
  13 killer bees
  8 wights
  3 howler monkeys
  6 electric eels
  5 crimson imps
  4 draconian simulacra (IceCv)
  2 bullfrog zombies
  2 quasits
  A bullfrog skeleton (D:12)
  2 hounds
  12 jellies
  14 orc priests
  8 centaur skeletons
  2 iron imps (Depths:3)
  10 worker ants
  3 iguanas
  37 orc wizards
  2 hell rats
  A troll simulacrum (IceCv)
  2 centaur simulacra
  16 gnolls
  3 naga simulacra (IceCv)
  An ogre simulacrum (IceCv)
  An adder (shapeshifter) (Depths:2)
  10 adders
  2 river rats (D:11)
  8 shadow imps
  14 white imps
  4 swamp drake simulacra (Swamp:4)
  2 ufetubi
  3 adder zombies
  A worm (shapeshifter) (D:14)
  A worm (D:2)
  3 dart slugs
  5 leopard geckos
  87 orcs
  A ball python (D:1)
  5 bats
  4 giant cockroaches
  7 goblins
  5 hobgoblins
  15 jackals
  3 quokkas
  6 frilled lizards
  29 kobolds
  A quokka zombie (D:5)
  10 rats
  2 bushes
  A butterfly (Spider:2)
  2 crawling corpses (Elf:3)
  2 plants
2326 creatures vanquished.

Vanquished Creatures (collateral kills)
  A storm dragon (Zot:2)
  2 vault wardens
  An ironheart preserver (Vaults:1)
  2 draconian annihilators (Zot:5)
  A yaktaur captain (Vaults:1)
  2 great orbs of eyes
  A hydra (Lair:3)
  An ironbrand convoker (Vaults:1)
  A deep elf mage (Elf:3)
  2 shining eyes
  A shadow dragon skeleton (Depths:3)
  3 yaktaurs (Vaults:1)
  A jumping spider (Spider:1)
  A two-headed ogre (Vaults:1)
  A slime creature (Slime:3)
  A redback (Spider:1)
  An orc warrior (Vaults:4)
  An ogre (Vaults:1)
  2 wolves (Lair:3)
  A jelly (D:13)
  2 orc wizards
  A river rat (D:11)
  3 orcs
  A quokka (D:11)
34 creatures vanquished.

Vanquished Creatures (others)
  5 dancing weapons
  A moth of wrath (Zot:5)
  A spiny frog (Swamp:4)
  2 yaktaurs
  A bog body (Swamp:4)
  4 blink frogs (Swamp:4)
  A shadow (D:14)
  A golden eye (shapeshifter) (D:14)
  A small abomination (D:14)
  A boggart (Depths:3)
  An ogre (Depths:1)
  A wolf (Lair:3)
  3 centaurs
  A ball lightning (Zot:5)
  An orc (Vaults:2)
  A giant cockroach (Depths:1)
  A kobold (Depths:3)
  24 fungi
  12 plants
63 creatures vanquished.

Grand Total: 2423 creatures vanquished

Notes
Turn   | Place    | Note
-------+----------+-------------------------------------------
     0 | D:1      | Banto the Troll Chaos Knight began the quest for the Orb.
     0 | D:1      | Reached XP level 1. HP: 22/22 MP: 0/0
    57 | D:1      | XOM: silly message
   186 | D:1      | Reached XP level 2. HP: 29/29 MP: 1/1
   243 | D:1      | XOM: harmless Divn miscast
   382 | D:1      | XOM: harmless Ice miscast
   798 | D:2      | Reached XP level 3. HP: 37/37 MP: 2/2
   804 | D:2      | XOM: harmless Fire miscast
   861 | D:2      | Reached XP level 4. HP: 45/45 MP: 3/3
   886 | D:2      | Reached skill level 4 in Unarmed Combat
  1085 | D:2      | XOM: god gift: scroll labeled WOGHIYGHENEC {god gift}
  1552 | D:2      | Found a sparkling altar of Nemelex Xobeh.
  1552 | D:2      | Found a white marble altar of Elyvilon.
  1684 | D:2      | XOM: noise
  1708 | D:3      | XOM: harmless Air miscast
  1750 | D:3      | Noticed a big kobold
  1753 | D:3      | Killed a big kobold
  1753 | D:3      | Reached XP level 5. HP: 54/54 MP: 4/4
  1808 | D:3      | Reached skill level 5 in Unarmed Combat
  1905 | D:3      | XOM is BORED!
  1905 | D:3      | XOM: medium Fire miscast
  2072 | D:3      | You fall through a shaft for 2 floors!
  2072 | D:5      | Entered Level 5 of the Dungeon
  2094 | D:5      | Reached XP level 6. HP: 58/63 MP: 5/5
  2216 | D:4      | Noticed a sky beast
  2229 | D:4      | Killed a sky beast
  2268 | D:4      | XOM: enchant monster (bad)
  2273 | D:4      | Reached skill level 5 in Fighting
  2273 | D:4      | Reached skill level 6 in Unarmed Combat
  2273 | D:4      | Reached XP level 7. HP: 72/72 MP: 6/6
  2300 | D:4      | XOM: stat loss: -1 Int (7/8)
  2606 | D:4      | XOM: noise
  3361 | D:5      | XOM: 1-stop teleportation journey
  3497 | D:5      | Reached skill level 7 in Unarmed Combat
  3640 | D:5      | Reached XP level 8. HP: 75/83 MP: 7/7
  3999 | D:6      | Found a snail-covered altar of Cheibriados.
  4041 | D:6      | XOM: give mutations
  4041 | D:6      | Gained mutation: You are robust. (+10% HP) [Xom's grace]
  4041 | D:6      | Gained mutation: You are partially covered in slimy green scales. (AC +2) [Xom's grace]
  4041 | D:6      | Gained mutation: You have a beak for a mouth. [Xom's grace]
  4215 | D:6      | Noticed Pikel
  4220 | D:6      | XOM: noise
  4222 | D:6      | Killed Pikel
  4222 | D:6      | Reached skill level 8 in Unarmed Combat
  4357 | D:6      | Found a hide-covered altar of Uskayaw.
  4358 | D:6      | Noticed Eustachio
  4363 | D:6      | Killed Eustachio
  4364 | D:6      | XOM: cloud trail
  4393 | D:6      | Reached XP level 9. HP: 90/102 MP: 8/8
  4459 | D:6      | XOM: 2-stop teleportation journey
  4473 | D:6      | Reached skill level 9 in Unarmed Combat
  4487 | D:6      | XOM: cleaving
  4488 | D:6      | XOM: scenery: create altars
  4500 | D:6      | XOM: fog
  4756 | D:6      | XOM: confuse monster(s)
  4805 | D:6      | XOM: harmless Conj miscast
  4818 | D:6      | Gained mutation: You expend magic power (3 MP) to strengthen your wands. [mutagenic meat]
  4821 | D:6      | Lost mutation: You expend magic power (3 MP) to strengthen your wands. [mutagenic meat]
  4824 | D:6      | Gained mutation: Your mind is acute. (Int +2) [mutagenic meat]
  4827 | D:6      | Gained mutation: You are resistant to hostile enchantments. (MR+) [mutagenic meat]
  4903 | D:7      | Found an opulent altar of Gozag.
  4903 | D:7      | Found a staircase to the Ecumenical Temple.
  4905 | D:7      | XOM: repel stairs
  5178 | D:7      | XOM: summons friendly shadow imp
  5618 | D:8      | Paralysed by a hornet for 1 turns
  5619 | D:8      | XOM: divination: magic mapping
  5621 | D:8      | Reached skill level 10 in Unarmed Combat
  5624 | D:8      | XOM: confusion (+ monsters)
  5638 | D:8      | XOM: noise
  5662 | D:8      | Gained mutation: You tend to lose your temper in combat. [mutagenic meat]
  5767 | D:8      | XOM: mild Hex miscast
  5785 | D:8      | Found Qaew's Antique Armour Boutique.
  5893 | D:8      | XOM: smoke on damage
  6002 | D:8      | XOM: cleaving
  6027 | D:8      | XOM: summons 2 friendly demons
  6124 | D:8      | XOM: summons friendly white imp
  6270 | D:8      | Reached XP level 10. HP: 108/115 MP: 9/9
  6811 | D:8      | Noticed an obsidian statue
  6815 | D:8      | Noticed an orange demon
  6823 | D:8      | Killed an obsidian statue
  6823 | D:8      | Reached skill level 11 in Unarmed Combat
  7005 | D:9      | XOM: give mutations
  7005 | D:9      | Gained mutation: You are mostly covered in slimy green scales. (AC +3) [Xom's grace]
  7005 | D:9      | Gained mutation: Your mind is very acute. (Int +4) [Xom's grace]
  7005 | D:9      | Gained mutation: You are partially covered in thin metallic scales. (AC +2) [Xom's grace]
  7005 | D:9      | Gained mutation: You are somewhat resistant to further mutation. [Xom's grace]
  7026 | D:9      | Found Nuwaur's Magic Scroll Emporium.
  7052 | D:9      | Bought a scroll of identify for 24 gold pieces
  7081 | D:9      | XOM: enchant monster (good)
  7094 | D:9      | XOM: summons 5 hostile demons
  7291 | D:9      | Noticed a hill giant
  7299 | D:9      | Killed a hill giant
  7537 | D:9      | XOM: stat loss: -1 Int (11/12)
  7570 | D:10     | Entered Level 10 of the Dungeon
  7632 | D:10     | Noticed a centaur warrior
  7642 | D:10     | Killed a centaur warrior
  7642 | D:10     | Reached skill level 10 in Fighting
  7749 | D:10     | Reached skill level 12 in Unarmed Combat
  7809 | D:10     | XOM: give mutations
  7809 | D:10     | Lost mutation: You are resistant to hostile enchantments. (MR+) [Xom's mischief]
  7809 | D:10     | Lost mutation: You have a beak for a mouth. [Xom's mischief]
  7809 | D:10     | Lost mutation: You are robust. (+10% HP) [Xom's mischief]
  7870 | D:10     | XOM: 5-stop teleportation journey
  7899 | D:10     | XOM: confusion (+ monsters)
  7999 | D:10     | Reached skill level 1 in Armour
  8007 | D:10     | Killed an unseen horror
  8007 | D:10     | Reached XP level 11. HP: 58/117 MP: 10/10
  8377 | D:11     | XOM: noise
  8379 | D:11     | Noticed Snorg
  8385 | D:11     | Killed Snorg
  8389 | D:11     | Noticed a hill giant
  8389 | D:11     | XOM: swap monsters
  8393 | D:11     | Killed a hill giant
  8488 | D:11     | XOM: summons 3 friendly demons
  8490 | D:11     | XOM: divination: detect items
  8498 | D:11     | XOM: confuse monster(s)
  8500 | D:11     | Noticed a hill giant
  8500 | D:11     | Found a staircase to the Lair.
  8500 | D:11     | XOM: enchant monster (good)
  8509 | D:11     | Killed a hill giant
  8605 | D:11     | XOM: give mutations
  8605 | D:11     | Gained mutation: You have sharp toenails. [Xom's grace]
  8605 | D:11     | Gained mutation: Your system is resistant to poisons. (rPois) [Xom's grace]
  8605 | D:11     | Gained mutation: You are robust. (+10% HP) [Xom's grace]
  8605 | D:11     | Gained mutation: Your flesh is cold resistant. (rC+) [Xom's grace]
  8713 | D:11     | Found a frozen archway.
  8749 | IceCv    | Entered an ice cave
  8763 | IceCv    | XOM: confuse monster(s)
  8765 | IceCv    | XOM: summons 3 friendly demons
  8768 | IceCv    | XOM: destruction
  8802 | IceCv    | XOM: enchant monster (good)
  8803 | IceCv    | XOM: summons friendly quasit
  8807 | IceCv    | Reached skill level 5 in Dodging
  8904 | IceCv    | XOM: polymorph quasit -> crimson imp
  8917 | IceCv    | XOM: scenery: 11 doors close
  8932 | IceCv    | XOM: confuse monster(s)
  8937 | IceCv    | Reached skill level 5 in Armour
  8982 | IceCv    | Noticed a necromancer
  8994 | IceCv    | Killed a necromancer
  9132 | D:11     | XOM: confuse monster(s)
  9336 | D:11     | XOM: scenery: 2 doors close
  9389 | D:11     | Identified a scroll of acquirement
  9522 | D:11     | Noticed a purple ugly thing
  9527 | D:11     | XOM: cleaving
  9529 | D:11     | Killed a purple ugly thing
  9529 | D:11     | Reached XP level 12. HP: 137/137 MP: 11/11
  9570 | Lair:1   | Entered Level 1 of the Lair of Beasts
  9625 | Lair:1   | XOM: potion effect (brilliance)
  9701 | Lair:1   | XOM: torment (70/137 hp)
  9791 | Lair:1   | Noticed a six-headed hydra
  9797 | Lair:1   | Killed a six-headed hydra
  9813 | Lair:1   | XOM: scenery: create altars
  9826 | Lair:1   | XOM: 1-stop teleportation journey
  9891 | Lair:1   | Noticed Erica
  9899 | Lair:1   | Killed Erica
  9949 | Lair:1   | You fall through a shaft!
 10378 | Lair:2   | Noticed Gastronok
 10378 | Lair:2   | XOM: divination: detect creatures
 10381 | Lair:2   | XOM: confuse monster(s)
 10387 | Lair:2   | XOM: summons 3 friendly demons
 10398 | Lair:2   | Killed Gastronok
 10440 | Lair:2   | Noticed a seven-headed hydra
 10445 | Lair:2   | XOM: divination: magic mapping
 10448 | Lair:2   | XOM: divination: magic mapping
 10454 | Lair:2   | Killed a seven-headed hydra
 10530 | Lair:2   | XOM: snakes to sticks
 10636 | Lair:2   | XOM: fog
 10645 | Lair:2   | XOM: scenery: create altars
 10840 | Lair:2   | XOM: scenery: create altars
 11334 | Lair:3   | XOM: fog
 11387 | Lair:3   | Upgraded the game from 0.19-a0-1896-g611e798 to 0.19-a0-1899-g2d93087
 11437 | Lair:3   | Noticed a seven-headed hydra
 11450 | Lair:3   | Killed an eight-headed hydra
 11460 | Lair:3   | Noticed Harold
 11464 | Lair:3   | XOM: summons friendly shadow imp
 11472 | Lair:3   | XOM: 4-stop teleportation journey
 11481 | Lair:3   | Noticed a seven-headed hydra
 11485 | Lair:3   | XOM: cast spell 'Discord'
 11486 | Lair:3   | Reached XP level 13. HP: 41/145 MP: 12/12
 11502 | Lair:3   | XOM: confuse monster(s)
 11504 | Lair:3   | Killed Harold
 11760 | Lair:3   | Found a staircase to the Swamp.
 11971 | Lair:3   | Found a hole to the Spider Nest.
 11998 | Lair:3   | XOM: give mutations
 11998 | Lair:3   | Gained mutation: Your muscles are strong. (Str +2) [Xom's grace]
 11998 | Lair:3   | Gained mutation: Your muscles are very strong. (Str +4) [Xom's grace]
 11998 | Lair:3   | Lost mutation: You are somewhat resistant to further mutation. [Xom's grace]
 11998 | Lair:3   | Gained mutation: You evolve. [Xom's grace]
 12014 | Lair:3   | Got a dull robe
 12108 | Lair:3   | XOM: divination: magic mapping
 12216 | Lair:3   | Got a scorched amber ring
 12350 | Lair:3   | XOM: scenery: create altars
 12429 | Lair:3   | XOM: give mutation
 12429 | Lair:3   | Gained mutation: You are resistant to hostile enchantments. (MR+) [Xom's grace]
 12587 | Lair:4   | XOM: harmless Tmut miscast
 12694 | Lair:4   | Identified the ring of Yrest {+Fly rPois Int-5 SInv} (You found it on level 3 of the Lair of Beasts)
 12756 | Lair:4   | XOM: god gift: 17 gold pieces
 12867 | Lair:4   | XOM: polymorph yak -> harpy
 12870 | Lair:4   | Lost mutation: Your mind is very acute. (Int +4) [evolution]
 12907 | Lair:4   | XOM: divination: magic mapping
 12914 | Lair:4   | Reached skill level 10 in Dodging
 12980 | Lair:4   | XOM: summons friendly red devil
 13057 | Lair:4   | Reached skill level 10 in Armour
 13518 | Lair:5   | XOM: harmless Conj miscast
 13565 | Lair:5   | XOM: divination: detect items
 13700 | Lair:5   | XOM: noise
 13706 | Lair:5   | XOM: summons friendly white imp
 13711 | Lair:5   | XOM: harmless Summ miscast
 13773 | Lair:5   | XOM: cloud trail
 13854 | Lair:5   | XOM: cast spell 'Summon Butterflies'
 13863 | Lair:5   | XOM: confuse monster(s)
 13894 | Lair:5   | XOM: divination: magic mapping
 14015 | Lair:5   | XOM: god gift: 16 stones
 14097 | Lair:5   | XOM: cast spell 'Spider Form'
 14158 | Lair:5   | Found a staircase to the Slime Pits.
 14161 | Lair:5   | XOM: confuse monster(s)
 14165 | Lair:5   | XOM: harmless Divn miscast
 14330 | Lair:6   | Entered Level 6 of the Lair of Beasts
 14333 | Lair:6   | Reached skill level 5 in Throwing
 14333 | Lair:6   | Reached XP level 14. HP: 156/156 MP: 13/13
 14409 | Lair:6   | Found a runed door.
 14557 | Lair:6   | Paralysed by a hornet for 3 turns
 14567 | Lair:6   | XOM: potion effect (experience)
 14567 | Lair:6   | Reached XP level 15. HP: 75/166 MP: 14/14
 14584 | Lair:6   | Reached XP level 16. HP: 73/176 MP: 15/15
 14705 | Lair:6   | XOM: scenery: create altars
 14793 | Lair:6   | XOM: medium Pois miscast
 14863 | Lair:6   | XOM: give mutations
 14863 | Lair:6   | Lost mutation: You evolve. [Xom's mischief]
 14863 | Lair:6   | Lost mutation: You have sharp toenails. [Xom's mischief]
 14903 | Lair:6   | XOM: cast spell 'Statue Form'
 15249 | Lair:6   | XOM: divine lightning
 15266 | Lair:6   | XOM: cloud trail
 15477 | Lair:6   | XOM: give mutations
 15477 | Lair:6   | Gained mutation: Your flesh is heat resistant. (rF+) [Xom's grace]
 15477 | Lair:6   | Gained mutation: You have sharp toenails. [Xom's grace]
 15477 | Lair:6   | Gained mutation: You have razor-sharp toenails. [Xom's grace]
 15505 | Lair:6   | XOM: give mutation
 15505 | Lair:6   | Gained mutation: You have a pair of small horns on your head. [Xom's grace]
 15703 | D:12     | XOM: smoke on damage
 15860 | D:12     | XOM: god gift: 45 gold pieces
 15874 | D:12     | XOM: give mutations
 15874 | D:12     | Gained mutation: You have claws for feet. [Xom's grace]
 15874 | D:12     | Gained mutation: Your flesh is very heat resistant. (rF++) [Xom's grace]
 15936 | D:12     | Found a staircase to the Orcish Mines.
 16128 | D:12     | XOM: destruction
 16160 | D:12     | XOM: destruction
 16252 | D:12     | XOM: harmless Summ miscast
 16373 | D:12     | XOM: give mutations
 16373 | D:12     | Gained mutation: You are somewhat resistant to further mutation. [Xom's grace]
 16373 | D:12     | Gained mutation: You are highly resistant to hostile enchantments. (MR++) [Xom's grace]
 16373 | D:12     | Gained mutation: You have a pair of horns on your head. [Xom's grace]
 16373 | D:12     | Gained mutation: You are agile. (Dex +2) [Xom's grace]
 16402 | D:13     | XOM: noise
 16554 | D:13     | XOM: cast spell 'Summon Horrible Things'
 16556 | D:13     | XOM: polymorph worker ant -> jelly
 16567 | D:13     | XOM: 1-stop teleportation journey
 16581 | D:13     | Learned a level 5 spell: Silence
 16588 | D:13     | Learned a level 6 spell: Deflect Missiles
 16624 | D:13     | Found a runed door.
 16624 | D:13     | XOM: 6-stop teleportation journey
 16669 | D:13     | Got a glittering platinum ring
 16671 | D:13     | Identified the ring "Jujuiseu" {rElec rF+ Int+2 Dex-3 Stlth-} (You found it on level 13 of the Dungeon)
 16700 | D:13     | XOM: 1-stop teleportation journey
 16794 | D:13     | XOM: summons 4 friendly demons
 16823 | D:13     | Found a sparkling altar of Nemelex Xobeh.
 16972 | D:13     | Found Noet's Weapon Boutique.
 17227 | D:13     | XOM: noise
 17582 | D:14     | Found a gate to the Vaults.
 17662 | D:14     | Found a blossoming altar of Fedhas.
 17683 | D:14     | Got a heavily jewelled robe
 17832 | D:14     | XOM: noise
 17836 | D:14     | XOM: 1-stop teleportation journey
 17922 | D:14     | XOM: confuse monster(s)
 17929 | D:14     | Noticed Azrael
 17934 | D:14     | XOM: swap monsters
 17945 | D:14     | XOM: chaos upgrade
 17956 | D:14     | Killed Azrael
 17981 | D:14     | Reached skill level 10 in Throwing
 17992 | D:14     | XOM: fake destruction
 18058 | D:14     | XOM: god gift: broad axe {god gift}
 18168 | D:14     | XOM: noise
 18360 | D:14     | XOM: god gift: runed arbalest {god gift}
 18467 | D:14     | XOM: give mutations
 18467 | D:14     | Gained mutation: Your flesh is almost immune to the effects of heat. (rF+++) [Xom's grace]
 18467 | D:14     | Gained mutation: You are very robust. (+20% HP) [Xom's grace]
 18467 | D:14     | Gained mutation: You can translocate small distances at will. [Xom's grace]
 18467 | D:14     | Gained mutation: You are extremely resistant to the effects of hostile enchantments. (MR+++) [Xom's grace]
 18501 | D:14     | XOM: divination: magic mapping
 18582 | D:14     | XOM: polymorph rakshasa -> hell hog
 18680 | Orc:1    | Entered Level 1 of the Orcish Mines
 18732 | Orc:1    | Noticed Fannar
 18733 | Orc:1    | XOM: scenery: create altars
 18742 | Orc:1    | XOM: scenery: create altars
 18747 | Orc:1    | Killed Fannar
 18810 | Orc:1    | XOM: harmless Divn miscast
 18825 | Orc:2    | Entered Level 2 of the Orcish Mines
 18826 | Orc:2    | Found a staircase to the Elven Halls.
 18883 | Orc:1    | XOM: blink monster(s)
 18898 | Orc:1    | XOM: enchant monster (good)
 19105 | Orc:2    | Found a roughly hewn altar of Beogh.
 19137 | Orc:1    | XOM: fog
 19141 | Orc:1    | Noticed Maurice
 19158 | Orc:1    | Killed Maurice
 19439 | Orc:2    | XOM: god gift: 57 gold pieces
 19485 | Orc:2    | Found Cezuce's Armour Boutique.
 19548 | Orc:2    | XOM: harmless Fire miscast
 19588 | Orc:2    | Found Gadwooc's Distillery.
 19600 | Orc:2    | Bought a potion of invisibility for 96 gold pieces
 19660 | Orc:2    | Found a radiant altar of Vehumet.
 19673 | Orc:2    | Found Worejeg's Book Shop.
 19718 | Orc:2    | Found an ancient bone altar of Kikubaaqudgha.
 19757 | Orc:2    | Found a roughly hewn altar of Beogh.
 19760 | Orc:2    | XOM: harmless Conj miscast
 19765 | Orc:2    | Found Tianoon's Book Shop.
 19782 | Orc:2    | Found Kirchou's Antique Armour Boutique.
 19896 | Orc:2    | Bought 3 potions of curing for 108 gold pieces
 19896 | Orc:2    | Bought a potion of heal wounds for 60 gold pieces
 19896 | Orc:2    | Bought a potion of haste for 120 gold pieces
 19896 | Orc:2    | Bought a potion of haste for 120 gold pieces
 19896 | Orc:2    | Bought 2 potions of curing for 72 gold pieces
 20051 | D:15     | Entered Level 15 of the Dungeon
 20059 | D:15     | Reached XP level 17. HP: 203/203 MP: 16/16
 20181 | D:15     | XOM: god gift: pair of boots {god gift}
 20202 | D:15     | Noticed Cirk's ghost (journeyman HEMo)
 20206 | D:15     | XOM: confuse monster(s)
 20207 | D:15     | XOM: summons friendly quasit
 20210 | D:15     | Killed Cirk's ghost
 20235 | D:15     | Found a staircase to the Depths.
 20235 | D:15     | XOM: harmless Tmut miscast
 20464 | D:15     | XOM: harmless Divn miscast
 20490 | D:15     | XOM: harmless Tmut miscast
 20625 | D:15     | XOM: cast spell 'Summon Ice Beast'
 20626 | D:15     | XOM: confuse monster(s)
 20641 | D:15     | XOM: confuse monster(s)
 20675 | D:15     | XOM: divination: magic mapping
 20678 | D:15     | Reached skill level 13 in Unarmed Combat
 20855 | D:15     | XOM: noise
 20867 | D:15     | XOM: mild Air miscast
 20910 | D:15     | XOM: enchant monster (good)
 21200 | Swamp:1  | Entered Level 1 of the Swamp
 21305 | Swamp:1  | XOM: noise
 21455 | Swamp:1  | XOM: scenery: create altars
 21457 | Swamp:1  | XOM: stat loss: -1 Str (27/28)
 21794 | Swamp:1  | XOM: give mutation
 21794 | Swamp:1  | Lost mutation: You are somewhat resistant to further mutation. [Xom's mischief]
 21893 | Swamp:2  | XOM: god gift: morningstar {god gift}
 22109 | Swamp:2  | XOM: god gift: 28 arrows
 22157 | Swamp:2  | XOM: god gift: hunting sling {god gift}
 22316 | Swamp:2  | XOM: give mutation
 22316 | Swamp:2  | Gained mutation: You passively map a small area around you. [Xom's grace]
 22619 | Swamp:3  | Found a shattered altar of Ashenzari.
 22754 | Swamp:3  | XOM: cast spell 'Summon Ice Beast'
 22759 | Swamp:3  | Reached skill level 14 in Unarmed Combat
 23010 | Swamp:3  | XOM: summons 5 friendly demons
 23137 | Swamp:3  | XOM: god gift: leatherbound book {god gift}
 23344 | Swamp:3  | XOM is BORED!
 23387 | Swamp:4  | Entered Level 4 of the Swamp
 23389 | Swamp:4  | XOM: polymorph tyrant leech -> ice dragon
 23396 | Swamp:4  | XOM: god gift: glowing shortbow {god gift}
 23509 | Swamp:4  | XOM: scenery: create altars
 23816 | Swamp:4  | XOM: god gift: 7 needles of sleeping
 24056 | Swamp:4  | XOM: mild Pois miscast
 24068 | Swamp:4  | XOM: scenery: create altars
 24074 | Swamp:4  | XOM: polymorph ice dragon -> anaconda
 24233 | Swamp:4  | XOM: give mutations
 24233 | Swamp:4  | Gained mutation: Your flesh is very cold resistant. (rC++) [Xom's grace]
 24233 | Swamp:4  | Lost mutation: You tend to lose your temper in combat. [Xom's grace]
 24249 | Swamp:4  | Got a decaying rune of Zot
 24397 | Spider:1 | Entered Level 1 of the Spider Nest
 24823 | Spider:1 | XOM: cleaving
 25026 | Spider:1 | XOM: cast spell 'Summon Horrible Things'
 25476 | Spider:2 | XOM is BORED!
 25566 | Spider:2 | XOM: 5-stop teleportation journey
 25575 | Spider:2 | Reached skill level 15 in Unarmed Combat
 25575 | Spider:2 | Reached XP level 18. HP: 212/221 MP: 17/17
 25635 | Spider:2 | XOM: god gift: slimy robe {god gift}
 25636 | Spider:2 | Got a slimy robe {god gift}
 25776 | Spider:2 | Noticed HANFGEIST's ghost (adept DEWz)
 25793 | Spider:2 | Killed HANFGEIST's ghost
 25861 | Spider:2 | XOM: harmless Ice miscast
 26128 | Spider:2 | XOM: 3-stop teleportation journey
 26196 | Spider:2 | XOM: enchant monster (good)
 26584 | Spider:3 | XOM: polymorph redback -> ghost crab
 26915 | Spider:3 | XOM: mild Divn miscast
 26956 | Spider:3 | XOM: severe Necr miscast
 27170 | Spider:4 | Entered Level 4 of the Spider Nest
 27976 | Spider:4 | XOM: silly message
 28048 | Spider:4 | XOM: confusion
 28232 | Spider:4 | XOM: medium Tloc miscast
 28536 | Spider:4 | XOM: confusion
 28551 | Spider:4 | XOM: mild Pois miscast
 28564 | Spider:4 | Reached skill level 16 in Unarmed Combat
 28622 | Spider:4 | XOM: medium Summ miscast
 28690 | Spider:4 | XOM: stat loss: -1 Int (9/10)
 28703 | Spider:4 | XOM: summons 4 hostile demons
 29023 | Spider:4 | XOM: harmless Erth miscast
 29041 | Spider:4 | XOM: polymorph emperor scorpion -> azure jelly
 29147 | Spider:4 | XOM: harmless Divn miscast
 29164 | Spider:4 | Got a gossamer rune of Zot
 29382 | Spider:3 | XOM: summons 2 hostile shadow creatures
 29679 | Vaults:1 | Entered Level 1 of the Vaults
 29698 | Vaults:1 | XOM: give mutation
 29698 | Vaults:1 | Lost mutation: You have a pair of horns on your head. [Xom's mischief]
 29717 | Vaults:1 | XOM: cleaving
 29730 | Vaults:1 | XOM: polymorph orc knight -> eye of devastation
 29789 | Vaults:1 | XOM: 2-stop teleportation journey
 29966 | Vaults:1 | XOM: mild Divn miscast
 29982 | Vaults:1 | XOM: fog
 29984 | Vaults:1 | XOM: mild Conj miscast
 30012 | Vaults:1 | Reached XP level 19. HP: 204/240 MP: 18/18
 30015 | Vaults:1 | Reached skill level 17 in Unarmed Combat
 30016 | Vaults:1 | XOM: scenery: 1 doors close
 30024 | Vaults:1 | Reached skill level 15 in Fighting
 30027 | Vaults:1 | XOM: cast spell 'Death Channel'
 30218 | Vaults:1 | XOM: swap monsters
 30219 | Vaults:1 | XOM: 5-stop teleportation journey
 30299 | Vaults:1 | Paralysed by a floating eye for 2 turns
 30311 | Vaults:1 | XOM: polymorph deep elf high priest -> eye of devastation
 30321 | Vaults:1 | XOM: noise
 30355 | Vaults:1 | XOM: swap monsters
 30437 | Vaults:1 | XOM: give mutations
 30437 | Vaults:1 | Lost mutation: You are partially covered in thin metallic scales. (AC +2) [Xom's mischief]
 30437 | Vaults:1 | Lost mutation: Your muscles are very strong. (Str +4) [Xom's mischief]
 30556 | Vaults:1 | XOM: give mutations
 30556 | Vaults:1 | Lost mutation: Your flesh is almost immune to the effects of heat. (rF+++) [Xom's mischief]
 30556 | Vaults:1 | Lost mutation: You have claws for feet. [Xom's mischief]
 30556 | Vaults:1 | Lost mutation: You can translocate small distances at will. [Xom's mischief]
 30634 | Vaults:1 | Got a crude robe
 30654 | Vaults:1 | XOM: give mutations
 30654 | Vaults:1 | Lost mutation: You are agile. (Dex +2) [Xom's mischief]
 30654 | Vaults:1 | Lost mutation: You passively map a small area around you. [Xom's mischief]
 30654 | Vaults:1 | Lost mutation: You have a pair of small horns on your head. [Xom's mischief]
 30690 | Vaults:1 | XOM: 1-stop teleportation journey
 30695 | Vaults:1 | XOM: confuse monster(s)
 30726 | Vaults:1 | Noticed Asterion
 30753 | Vaults:1 | Killed Asterion
 30754 | Vaults:1 | Found Duihin Uzunn's Magic Scroll Boutique.
 30782 | Vaults:1 | Bought a scroll of teleportation for 33 gold pieces
 30834 | Vaults:1 | XOM: divination: detect creatures
 30875 | Vaults:1 | XOM: divination: magic mapping
 30894 | Vaults:1 | XOM: potion effect (invisibility)
 30907 | Vaults:1 | XOM: harmless Chrm miscast
 30914 | Vaults:1 | XOM: confuse monster(s)
 30936 | Vaults:1 | Reached skill level 18 in Unarmed Combat
 31062 | Vaults:1 | XOM: confuse monster(s)
 31067 | Vaults:1 | XOM: god gift: 10 arrows
 31083 | Vaults:1 | XOM: confuse monster(s)
 31086 | Vaults:1 | XOM: enchant monster (bad)
 31096 | Vaults:1 | XOM: enchant monster (bad)
 31100 | Vaults:1 | XOM: mild Pois miscast
 31114 | Vaults:1 | XOM: divination: detect items
 31209 | Vaults:1 | XOM: noise
 31210 | Vaults:1 | XOM: potion effect (might)
 31404 | Vaults:1 | XOM: medium Necr miscast
 31508 | Vaults:1 | XOM: harmless Chrm miscast
 31597 | Vaults:1 | XOM: summons friendly crimson imp
 31945 | Vaults:2 | XOM: harmless Summ miscast
 31965 | Vaults:2 | XOM: potion effect (brilliance)
 32151 | Vaults:2 | XOM: summons friendly ufetubus
 32169 | Vaults:2 | XOM: give mutations
 32169 | Vaults:2 | Gained mutation: Your mind is very acute. (Int +4) [Xom's grace]
 32169 | Vaults:2 | Gained mutation: You have claws for feet. [Xom's grace]
 32181 | Vaults:2 | XOM: summons friendly ufetubus
 32206 | Vaults:2 | Reached XP level 20. HP: 233/258 MP: 19/19
 32395 | Vaults:2 | XOM: destruction
 32407 | Vaults:2 | Reached skill level 19 in Unarmed Combat
 32407 | Vaults:2 | XOM: summons 10 friendly demons
 32549 | Vaults:2 | XOM: scenery: 1 doors open, 1 doors close
 32657 | Vaults:2 | XOM: summons 12 friendly demons
 32662 | Vaults:2 | XOM: polymorph frost giant -> azure jelly
 32663 | Vaults:2 | XOM: fog
 32880 | Vaults:2 | XOM: fog
 33163 | Vaults:3 | XOM: cast spell 'Disjunction'
 33207 | Vaults:3 | XOM: cleaving
 33232 | Vaults:3 | XOM: give mutations
 33232 | Vaults:3 | Gained mutation: You are partially covered in large bone plates. (SH +4) [Xom's grace]
 33232 | Vaults:3 | Gained mutation: Your flesh is almost immune to the effects of cold. (rC+++) [Xom's grace]
 33232 | Vaults:3 | Gained mutation: You have a pair of small horns on your head. [Xom's grace]
 33232 | Vaults:3 | Gained mutation: You have a pair of horns on your head. [Xom's grace]
 33425 | Vaults:3 | Found Wimuecrirea's Book Shop.
 33460 | Vaults:3 | Noticed Sojobo
 33465 | Vaults:3 | XOM is BORED!
 33465 | Vaults:3 | XOM: blink monster(s)
 33467 | Vaults:3 | XOM: summons friendly white imp
 33472 | Vaults:3 | XOM: summons 3 friendly demons
 33478 | Vaults:3 | XOM: summons 2 friendly demons
 33480 | Vaults:3 | Killed Sojobo
 33719 | Vaults:3 | XOM: god gift: 6 javelins of returning
 33735 | Vaults:3 | XOM: harmless Chrm miscast
 33821 | Vaults:3 | Noticed a bone dragon
 33822 | Vaults:3 | Found a staircase to the Crypt.
 33836 | Vaults:3 | Killed a bone dragon
 33973 | Vaults:3 | XOM: enchant monster (good)
 34241 | Vaults:3 | Reached skill level 20 in Unarmed Combat
 34659 | Vaults:3 | XOM: noise
 34934 | Vaults:4 | XOM: harmless Divn miscast
 34947 | Vaults:4 | XOM: confuse monster(s)
 34952 | Vaults:4 | Reached XP level 21. HP: 254/272 MP: 20/20
 35730 | D:12     | XOM: draining
 35750 | Elf:1    | Entered Level 1 of the Elven Halls
 35765 | Elf:1    | XOM: harmless Fire miscast
 35981 | Elf:1    | XOM: harmless Air miscast
 36122 | Elf:1    | Identified the Papyrus of Evil Rites
 36376 | Elf:2    | XOM: cleaving
 36559 | Elf:2    | XOM: fake destruction
 36562 | Elf:2    | Found a runed gate.
 36562 | Elf:2    | Found a runed gate.
 36562 | Elf:2    | Found a runed gate.
 36567 | Elf:2    | Noticed Donald
 36577 | Elf:2    | Killed Donald
 36703 | Elf:2    | XOM: divination: detect creatures
 36864 | Elf:2    | Noticed Jorgrun
 36864 | Elf:2    | XOM: potion effect (invisibility)
 36870 | Elf:2    | Killed Jorgrun
 36953 | Elf:2    | XOM: divination: detect items
 36954 | Elf:2    | XOM: summons 3 friendly demons
 36959 | Elf:2    | XOM: cast spell 'Disjunction'
 37272 | Elf:2    | XOM: divination: detect items
 37297 | Elf:2    | XOM: scenery: create altars
 37381 | Elf:2    | XOM: enchant monster (good)
 37581 | Elf:3    | Entered Level 3 of the Elven Halls
 37680 | Elf:2    | XOM: god gift: 22 arrows
 37681 | Elf:2    | XOM: cleaving
 37725 | Elf:3    | XOM: cast spell 'Summon Horrible Things'
 37752 | Elf:3    | XOM: smoke on damage
 37953 | Elf:3    | XOM: fog
 37975 | Elf:3    | XOM: god gift: 5 steel javelins
 38076 | Elf:3    | XOM: enchant monster (good)
 38088 | Elf:3    | XOM: harmless Tloc miscast
 38199 | Elf:3    | XOM: mild Summ miscast
 38393 | Elf:3    | XOM: potion effect (might)
 38394 | Elf:3    | XOM: silly message
 38396 | Elf:3    | XOM: potion effect (haste)
 38428 | Elf:3    | XOM: cleaving
 38429 | Elf:3    | XOM: scenery: 1 doors close
 38430 | Elf:3    | XOM: fog
 38489 | Elf:3    | XOM: confuse monster(s)
 38492 | Elf:3    | Reached XP level 22. HP: 256/283 MP: 21/21
 38508 | Elf:3    | XOM: scenery: 1 doors open, 3 doors close
 38553 | Elf:2    | XOM: give mutation
 38553 | Elf:2    | Gained mutation: You are extremely robust. (+30% HP) [Xom's grace]
 38564 | Elf:3    | XOM: 1-stop teleportation journey
 38683 | Elf:3    | XOM: enchant monster (good)
 38696 | Elf:3    | XOM: cleaving
 38707 | Elf:3    | XOM: blink monster(s)
 38717 | Elf:3    | XOM: cast spell 'Statue Form'
 38725 | Elf:3    | XOM: confusion (+ monsters)
 38739 | Elf:3    | XOM: destruction
 39031 | Elf:3    | Identified Akkir's Papyrus of Feathery Talismans
 39256 | Depths:1 | Entered Level 1 of the Depths
 39286 | Depths:1 | XOM: enchant monster (good)
 39291 | Depths:1 | XOM: enchant monster (bad)
 39302 | Depths:1 | XOM: harmless Ice miscast
 39309 | Depths:1 | XOM: harmless Tmut miscast
 39310 | Depths:1 | Noticed Mara
 39313 | Depths:1 | XOM: potion effect (might)
 39316 | Depths:1 | Noticed Banto's illusion
 39431 | Depths:1 | Noticed Banto's illusion
 39450 | D:15     | XOM: potion effect (invisibility)
 39459 | D:15     | Killed Mara
 39459 | D:15     | Reached skill level 15 in Dodging
 39712 | Depths:1 | Reached skill level 15 in Armour
 39978 | Depths:1 | XOM: potion effect (curing)
 40039 | Depths:1 | Found a gateway to Hell.
 40080 | Depths:1 | XOM: divination: magic mapping
 40117 | Depths:1 | Found a runed gate.
 40117 | Depths:1 | Found a runed gate.
 40117 | Depths:1 | Found a runed gate.
 40143 | Depths:1 | XOM: divination: magic mapping
 40144 | Depths:1 | XOM: destruction
 40151 | Depths:1 | XOM: summons 10 friendly demons
 40520 | Depths:2 | XOM: give mutations
 40520 | Depths:2 | Gained mutation: You have very sharp teeth. [Xom's grace]
 40520 | Depths:2 | Gained mutation: You possess an exceptional clarity of mind. [Xom's grace]
 40520 | Depths:2 | Gained mutation: Your spells are a little harder to cast, but a little more powerful. [Xom's grace]
 40544 | Depths:2 | XOM: polymorph sphinx -> fire giant
 40684 | Depths:2 | Noticed a golden dragon
 40685 | Depths:2 | Found a one-way gate to the infinite horrors of the Abyss.
 40695 | Depths:2 | Killed a golden dragon
 40795 | Depths:2 | Noticed tempest's ghost (adept OgBe)
 40802 | Depths:2 | Killed tempest's ghost
 40877 | Depths:2 | XOM: scenery: create altars
 41047 | Depths:2 | Found a glowing golden altar of the Shining One.
 41047 | Depths:2 | Found a stormy altar of Qazlal.
 41048 | Depths:2 | Found a hide-covered altar of Uskayaw.
 41091 | Depths:2 | XOM: divine lightning
 41210 | Depths:2 | XOM: enchant monster (good)
 41272 | Depths:2 | Noticed a juggernaut
 41282 | Depths:2 | Killed a juggernaut
 41316 | Depths:2 | XOM: smoke on damage
 41318 | Depths:2 | XOM: confuse monster(s)
 41503 | Depths:2 | XOM: divination: detect items
 41504 | Depths:2 | XOM: scenery: 1 fountains blood, 6 doors close
 41516 | Depths:2 | Reached XP level 23. HP: 225/317 MP: 22/22
 41601 | Depths:2 | XOM: scenery: 2 doors open, 5 doors close
 41838 | Depths:2 | XOM: summons friendly ufetubus
 41847 | Depths:2 | Reached skill level 21 in Unarmed Combat
 41887 | Depths:2 | XOM: summons 2 friendly demons
 42220 | Depths:2 | Noticed a caustic shrike
 42222 | Depths:2 | XOM: divination: detect creatures
 42229 | Depths:2 | Killed a caustic shrike
 42294 | Depths:2 | XOM: scenery: 1 doors close
 42422 | Depths:3 | XOM: potion effect (agility)
 42441 | Depths:3 | XOM: destruction
 42450 | Depths:3 | XOM: enchant monster (good)
 42608 | Depths:3 | Reached skill level 1 in Evocations
 42620 | Depths:3 | Found a gateway to a ziggurat.
 42645 | Depths:3 | XOM: scenery: create altars
 42658 | Depths:3 | XOM: summons friendly ufetubus
 42676 | Depths:3 | XOM: 2-stop teleportation journey
 42823 | Depths:3 | Found a one-way gate leading to the halls of Pandemonium.
 43009 | Depths:3 | XOM: fog
 43012 | Depths:3 | XOM: cleaving
 43018 | Depths:3 | XOM: destruction
 43023 | Depths:3 | Noticed Margery
 43042 | Depths:3 | XOM: summons friendly ufetubus
 43048 | Depths:3 | Killed Margery
 43103 | Depths:3 | XOM: medium Air miscast
 43417 | Depths:3 | XOM: 1-stop teleportation journey
 43435 | Depths:3 | XOM: give mutations
 43435 | Depths:3 | Lost mutation: Your spells are a little harder to cast, but a little more powerful. [Xom's mischief]
 43435 | Depths:3 | Lost mutation: You are extremely robust. (+30% HP) [Xom's mischief]
 43435 | Depths:3 | Lost mutation: You possess an exceptional clarity of mind. [Xom's mischief]
 43435 | Depths:3 | Lost mutation: Your muscles are strong. (Str +2) [Xom's mischief]
 43463 | Depths:3 | XOM: scenery: 2 doors close
 43604 | Depths:3 | XOM: god gift: blowgun {god gift}
 43854 | Depths:3 | XOM: confuse monster(s)
 43859 | Depths:3 | Reached skill level 22 in Unarmed Combat
 44001 | Depths:3 | Found a bloodstained altar of Trog.
 44040 | Depths:3 | XOM: give mutations
 44040 | Depths:3 | Lost mutation: You are extremely resistant to the effects of hostile enchantments. (MR+++) [Xom's mischief]
 44040 | Depths:3 | Lost mutation: You are partially covered in large bone plates. (SH +4) [Xom's mischief]
 44040 | Depths:3 | Lost mutation: You have a pair of horns on your head. [Xom's mischief]
 44260 | Depths:3 | Reached skill level 5 in Evocations
 44263 | Depths:3 | Found The Legendary Vocusis's Legendary Smithy.
 44291 | Depths:3 | XOM: mild Tloc miscast
 44302 | Depths:3 | Found Dotzeat's Slaves and Accessories.
 44316 | Depths:3 | Bought a wand of hasting (3/9) for 588 gold pieces
 44376 | Depths:3 | Found Jack's Jerk-a-riffic Jerky.
 44430 | Depths:3 | Found Umyisur's Miraculous Elixirs.
 44531 | Depths:4 | XOM: destruction
 44586 | Depths:3 | XOM: god gift: 6 needles of confusion
 44799 | Depths:4 | XOM: polymorph balrug -> something unseen
 44800 | Depths:4 | Reached XP level 24. HP: 263/303 MP: 13/26
 44898 | Depths:4 | XOM: enchant monster (good)
 44930 | Depths:4 | XOM: scenery: 1 doors open
 44937 | Depths:4 | XOM: polymorph reaper -> balrug
 45072 | Depths:4 | Noticed an ancient lich
 45107 | Depths:4 | Killed an ancient lich
 45121 | Depths:4 | Paralysed by a floating eye for 3 turns
 45391 | Depths:4 | XOM: harmless Ice miscast
 45398 | Depths:4 | XOM: cleaving
 45459 | Depths:4 | XOM: enchant monster (good)
 45517 | Depths:4 | XOM: fake destruction
 45531 | Depths:4 | Reached skill level 23 in Unarmed Combat
 45614 | Depths:4 | XOM: enchant monster (good)
 46279 | Depths:5 | Entered Level 5 of the Depths
 46356 | Depths:4 | XOM: cast spell 'Spider Form'
 46384 | Depths:5 | XOM: blink monster(s)
 46611 | Depths:5 | XOM: divination: magic mapping
 46643 | Depths:5 | XOM: confusion (+ monsters)
 46649 | Depths:5 | XOM: mild Ice miscast
 46658 | Depths:5 | XOM: harmless Erth miscast
 46879 | Depths:5 | Found Vanoc's Changing Room.
 46930 | Depths:5 | XOM: swap monsters
 46972 | Depths:5 | Noticed Louise
 46978 | Depths:5 | Killed Louise
 46988 | Depths:5 | XOM: divination: magic mapping
 47024 | Depths:5 | Found Detapoob's Jewellery Emporium.
 47039 | Depths:5 | Bought a +6 amulet of reflection for 525 gold pieces
 47161 | Depths:5 | Found a gate to the Realm of Zot.
 47569 | Depths:3 | Reached skill level 10 in Evocations
 47638 | Depths:2 | Reached XP level 25. HP: 287/314 MP: 29/29
 47950 | Lair:5   | XOM: god gift: 52 gold pieces
 47986 | Lair:5   | XOM: medium Hex miscast
 48006 | Slime:1  | Entered Level 1 of the Pits of Slime
 48067 | Slime:1  | XOM: noise
 48087 | Slime:1  | XOM: harmless Tloc miscast
 48233 | Slime:1  | XOM: cloud trail
 48259 | Slime:1  | XOM: harmless Chrm miscast
 48325 | Slime:1  | XOM: enchant monster (good)
 48439 | Slime:1  | XOM: cast spell 'Necromutation'
 48668 | Slime:1  | Gained mutation: Scrolls take you a little longer to read. [a shining eye]
 48669 | Slime:1  | Gained mutation: Armour fits poorly on your strangely shaped body. [a shining eye]
 48773 | Slime:3  | XOM: destruction
 48774 | Slime:3  | XOM: enchant monster (good)
 48775 | Slime:3  | XOM: scenery: create altars
 48895 | Slime:3  | XOM: god gift: scroll of blinking
 48896 | Slime:3  | Reached skill level 24 in Unarmed Combat
 48899 | Slime:3  | XOM: cleaving
 48939 | Slime:4  | Gained mutation: Your body sometimes deteriorates upon taking damage. [a shining eye]
 49066 | Slime:5  | Entered Level 5 of the Pits of Slime
 49079 | Slime:5  | Gained mutation: Potions and wands are less effective at restoring your health. [a shining eye]
 49092 | Slime:5  | Noticed the Royal Jelly
 49095 | Slime:5  | XOM: fake destruction
 49097 | Slime:5  | Killed the Royal Jelly
 49097 | Slime:5  | XOM: 2-stop teleportation journey
 49127 | Slime:5  | XOM: fog
 49143 | Slime:5  | XOM: summons 16 friendly demons
 49186 | Slime:5  | XOM: polymorph acid blob -> iron dragon
 49427 | Slime:5  | Identified a +5 rod of inaccuracy (12/12) (You found it on level 5 of the Pits of Slime)
 49467 | Slime:5  | Got a sparkling bronze amulet
 49479 | Slime:5  | Got a slimy rune of Zot
 49491 | Slime:5  | Identified a +5 rod of ignition (9/9) (You found it on level 5 of the Pits of Slime)
 49496 | Slime:5  | Identified the amulet "Pudoaky" {Harm *Corrode *Drain rF+ MR+} (You found it on level 5 of the Pits of Slime)
 49657 | Lair:3   | XOM: cloud trail
 49854 | Depths:2 | XOM: god gift: ring mail {god gift}
 49956 | Zot:1    | Entered Level 1 of the Realm of Zot
 49956 | Zot:1    | XOM: scenery: 2 doors open
 49958 | Zot:1    | XOM: divination: detect items
 49962 | Zot:1    | XOM: blink monster(s)
 50212 | Zot:2    | XOM: harmless Tmut miscast
 50336 | Zot:2    | XOM: god gift: 910 gold pieces
 50419 | Zot:2    | XOM: mild Tmut miscast
 50449 | Zot:2    | XOM: potion effect (curing)
 50452 | Zot:2    | XOM: cleaving
 50478 | Zot:2    | XOM: 6-stop teleportation journey
 50681 | Zot:2    | XOM: divine lightning
 50684 | Zot:2    | XOM: summons friendly iron imp
 50700 | Zot:2    | XOM: divine lightning
 50862 | Zot:2    | XOM: polymorph moth of wrath -> salamander
 50895 | Zot:2    | XOM: summons 2 friendly demons
 50926 | Zot:2    | XOM: potion effect (invisibility)
 50945 | Zot:2    | XOM: enchant monster (bad)
 50946 | Zot:2    | XOM: 3-stop teleportation journey
 50948 | Zot:2    | XOM: medium Hex miscast
 51266 | Zot:2    | Reached skill level 25 in Unarmed Combat
 51280 | Zot:2    | Reached XP level 26. HP: 263/330 MP: 29/29
 51291 | Zot:2    | XOM: harmless Tloc miscast
 51314 | Zot:2    | XOM: divination: detect creatures
 51687 | Zot:3    | XOM: noise
 51701 | Zot:2    | XOM: scenery: create altars
 51805 | Zot:4    | XOM: cast spell 'Shadow Creatures'
 51904 | Zot:5    | Entered Level 5 of the Realm of Zot
 51995 | Zot:5    | Noticed an ancient lich
 52004 | Zot:5    | XOM: enchant monster (bad)
 52006 | Zot:5    | Killed an ancient lich
 52056 | Zot:5    | XOM: god gift: runed cloak {god gift}
 52167 | Zot:5    | XOM: cast spell 'Disjunction'
 52244 | Zot:5    | Noticed an orb of fire
 52246 | Zot:5    | XOM: scenery: create altars
 52254 | Zot:5    | Killed an orb of fire
 52317 | Zot:5    | XOM: summons 10 friendly demons
 52320 | Zot:5    | XOM: cleaving
 52323 | Zot:5    | XOM: divination: magic mapping
 52324 | Zot:5    | XOM: potion effect (magic)
 52342 | Zot:5    | XOM: enchant monster (good)
 52463 | Zot:5    | XOM: potion effect (heal wounds)
 52466 | Zot:5    | XOM: destruction
 52504 | Zot:5    | Noticed an orb of fire
 52511 | Zot:5    | Killed an orb of fire
 52511 | Zot:5    | Reached skill level 26 in Unarmed Combat
 52516 | Zot:5    | Noticed an orb of fire
 52525 | Zot:5    | Killed an orb of fire
 52592 | Zot:5    | Noticed an ancient lich
 52597 | Zot:5    | XOM: potion effect (agility)
 52602 | Zot:5    | Killed an ancient lich
 52695 | Zot:5    | Noticed an orb of fire
 52695 | Zot:5    | Gained mutation: You occasionally shout uncontrollably at your foes. [an orb of fire]
 52697 | Zot:5    | XOM: divine lightning
 52709 | Zot:5    | Killed an orb of fire
 52709 | Zot:5    | XOM: fog
 52711 | Zot:5    | Reached XP level 27. HP: 289/345 MP: 29/29
 52725 | Zot:5    | XOM: summons 16 friendly demons
 52741 | Zot:5    | XOM: confuse monster(s)
 52745 | Zot:5    | Noticed an ancient lich
 52874 | Zot:5    | Noticed an ancient lich
 52881 | Zot:5    | Killed an ancient lich
 52891 | Zot:5    | XOM: scenery: create altars
 52898 | Zot:5    | XOM: scenery: create altars
 52900 | Zot:5    | XOM: fog
 52903 | Zot:5    | Killed an ancient lich
 52914 | Zot:5    | XOM: enchant monster (good)
 52932 | Zot:5    | XOM: polymorph yellow draconian zealot -> stone giant
 52935 | Zot:5    | XOM: polymorph death drake -> lindwurm
 52942 | Zot:5    | XOM: divination: magic mapping
 52960 | Zot:5    | XOM: divine lightning
 52971 | Zot:5    | XOM: smoke on damage
 52975 | Zot:5    | XOM: confuse monster(s)
 52977 | Zot:5    | XOM: enchant monster (good)
 53010 | Zot:5    | XOM: confuse monster(s)
 53011 | Zot:5    | XOM: divination: detect creatures
 53225 | Zot:5    | XOM: blink monster(s)
 53227 | Zot:5    | XOM: potion effect (brilliance)
 53268 | Zot:5    | Got the Orb of Zot
 53331 | Zot:5    | XOM: harmless Tmut miscast
 53359 | Zot:5    | Reached skill level 27 in Unarmed Combat
 53408 | Zot:4    | XOM: harmless Tloc miscast
 53411 | Zot:4    | XOM: confuse monster(s)
 53604 | Depths:2 | XOM: summons 7 hostile demons
 53700 | D:14     | Noticed Zenijo the pandemonium lord
 53726 | D:14     | Gained mutation: You are weak. (Str -2) [a cacodemon]
 53731 | D:14     | XOM: enchant monster (bad)
 53787 | D:13     | XOM: harmless Tmut miscast
 53837 | D:12     | XOM: cloud trail
 53887 | D:9      | Noticed Tenlie the pandemonium lord
 53894 | D:9      | Killed Tenlie the pandemonium lord
 54005 | D:6      | Noticed Hoxkehuf the pandemonium lord
 54078 | D:3      | XOM: give mutations
 54078 | D:3      | Gained mutation: Your movements are slightly less encumbered by armour. (ER -2) [Xom's grace]
 54078 | D:3      | Gained mutation: You can translocate small distances at will. [Xom's grace]
 54078 | D:3      | Gained mutation: You are somewhat resistant to further mutation. [Xom's grace]
 54224 | D:$      | Escaped with the Orb!

Vault maps used:
D:1:      elethiomel_arrival_infinity_welcomes_careful_drivers, minmay_circled_x
D:2:      gammafunk_temple_overflow_pools
D:3:      first_bread
D:4:      minivault_11
D:5:      grunt_decor_fettered
D:6:      eat_drink_and_be_merry_uskayaw, kennysheep_slug_shrine,
          uniq_eustachio, uniq_pikel
D:7:      nicolae_overflow_hidden_temple
D:8:      statuecave_lemuel, serial_shops, shop_statue, blue_anna_alchemist
D:9:      serial_shops, shop_coins
D:10:     serial_glass, glass_columns_a, glass_columns_a
D:11:     dpeg_lair_monsters, portal_ice_cave_entry_imps, uniq_snorg
D:12:     erik_orc_3
D:13:     serial_shops, nicolae_shop_waterfront, basic_altar,
          kennysheep_treasure_room
D:14:     david_vaults_2, fedhas_altar_3, minmay_misc_feat_roman, minivault_28,
          uniq_azrael
D:15:     grunt_enter_depths_giant_problem, serial_co_window_serial,
          co_window_corner_a, co_window_paths_a, co_window_paths_a,
          co_window_of_opportunity_a, co_window_paths_a, co_window_2corner,
          co_window_of_opportunity_b, co_window_unsneaky_path_a,
          co_window_unsneaky_path_a, co_window_paths_c, co_window_4corner_b,
          glass_columns_a, glass_columns_a, glass_columns_a, glass_columns_a,
          glass_columns_b, grunt_potential
Lair:1:   serial_bayou_lagoon_b, uniq_erica
Lair:2:   beast_lair_carwin_5, uniq_gastronok
Lair:3:   minmay_swamp_entry_swarm, spider_nest_entry_rubble,
          beast_lair_carwin_2, uniq_harold
Lair:4:   minmay_lair_oklob_bushes, grunt_megastairs_4
Lair:5:   minmay_slime_entry_oklob_enclosed, grunt_megastairs_5,
          lemuel_fruit_tree
Lair:6:   wormcave, wad_woods_road_01, uniq_josephine
Swamp:1:  nicolae_swamp_treefoil
Swamp:2:  hangedman_swamp_diagram
Swamp:3:  nicolae_swamp_godswood, swamp_pool1, infiniplex_staircase_pool
Swamp:4:  swamp_icy
Spider:1: nicolae_spider_hall_of_the_moth_king
Spider:3: spider_trap, nicolae_spider_circle_web
Spider:4: spider_rune_water
Slime:2:  nicolae_slime_jelly_donut
Slime:4:  uniq_dissolution
Orc:1:    uniq_fannar, uniq_maurice
Orc:2:    kennysheep_orc_mage_school, serial_shops, nicolae_shop_statue_plus,
          basic_altar
Elf:1:    minmay_elf_necromancy, hangedman_glass_teeth
Elf:2:    uniq_donald, uniq_jorgrun
Elf:3:    elf_hall
Vaults:1: ontoclasm_vaults_decontamination, vaults_room_stairs_pillars,
          st_greater_box_4, vaults_standard_mumra_lines,
          nicolae_vaults_stairing_the_circle, v_misc_18, vaults_dpeg_diagonal,
          hangedman_vaults_corner, nicolae_vaults_circle_grid_b,
          ontoclasm_vaults_gateway, v_misc_17, vaults_mumra_hex,
          vaults_standard_mumra_x, serial_shops, shop_coins, uniq_asterion
Vaults:2: vaults_mumra_chevron_long, v_misc_1, vaults_room_octagon,
          hangedman_vaults_nails, nicolae_vaults_back_hallway,
          ontoclasm_vaults_shuriken, grunt_vaults_funnel, stair_cage_open,
          st_cells, nicolae_vaults_little_ls, nicolae_vaults_ring_of_whatevers,
          nicolae_vaults_diagonal_hallway_6
Vaults:3: minmay_crypt_entry_nasty_monster, nicolae_vaults_network_barrier,
          vaults_room_mumra_shop_pool, hangedman_vaults_corner_blocks,
          v_pattern_4, hangedman_vaults_capsules,
          nicolae_vaults_yaktaur_gun_rack, vaults_dpeg_encased_lava, uniq_sojobo
Vaults:4: v_misc_19, vaults_room_ringed_pool, vaults_room_boxed,
          nicolae_vaults_little_squares_1, nicolae_vaults_shelves_hall,
          vaults_room_fancy_cross, vaults_room_hallway,
          nicolae_vaults_little_squares_6, vaults_room_corners,
          nicolae_vaults_ring_of_whatevers
Depths:1: minmay_misc_feat_encased, grunt_hell_entry_dis_grunt,
          hangedman_abyss_or_decor_stabs, minmay_misc_feat_four_crosses,
          pandoras_box_mu, uniq_mara
Depths:2: hangedman_slaughterboxes, hell_entry, abyss_entry
Depths:3: grated_community_mu, enter_ziggurat_e, grunt_pan_entry_spiral,
          hell_entry, serial_bayou_pond_d, uniq_margery
Depths:4: minmay_three_patterns, pan_entry, hellmouth_1,
          minmay_misc_feat_rugged, abyss_entry, wad_scary_box
Depths:5: evilmike_zot_entry_diamond, nicolae_wwwww,
          nicolae_abyss_entry_one_way_or_another, serial_shops,
          nicolae_shop_statue_plus, hangedman_geh_valley,
          minmay_misc_feat_hallway, nicolae_transmutations_shop
Zot:2:    kennysheep_ambush_hall, zot_minivault_5, grunt_megastairs_2
Zot:3:    hangedman_elemental_grid_stream
Zot:4:    hangedman_zot_decor_scrapings, guppyfry_library_mini
IceCv:    ice_cave_tombish

Skill      XL: |  1  2  3  4  5  6  7  8  9 10 11 12 13 14 15 16 17 18 19 20 21 22 23 24 25 26 27 |
---------------+----------------------------------------------------------------------------------+-----
Fighting       | 3 4 5 6 7 8 10 11 13 14 16 17 18 19 20 | 20.5
Unarmed Combat | 4 5 6 7 8 10 12 15 16 18 20 22 23 25 26 27 | 27.0
Dodging        | 2 6 9 10 11 12 14 17 18 | 18.0
Armour         | 1 6 8 10 11 12 14 15 16 18 | 18.0
Throwing       | 5 6 11 | 11.0
Evocations     | 6 10 | 10.0

Action                   |  1- 3 |  4- 6 |  7- 9 | 10-12 | 13-15 | 16-18 | 19-21 | 22-24 | 25-27 || total
-------------------------+-------+-------+-------+-------+-------+-------+-------+-------+-------++-------
Melee: Unarmed           |    51 |   131 |   240 |   518 |   314 |  1751 |  1529 |  1348 |   955 ||  6837
       Punch             |       |     4 |    11 |    33 |    20 |   102 |   109 |   211 |   137 ||   627
       Peck              |       |       |    29 |    20 |       |       |       |       |       ||    49
       Kick              |       |       |       |   131 |   131 |   711 |   651 |   680 |   493 ||  2797
       Headbutt          |       |       |       |       |       |   464 |   238 |   417 |   295 ||  1414
       Bite              |       |       |       |       |       |       |       |   211 |   170 ||   381
Throw: Large rock        |       |       |       |       |     4 |    38 |    11 |    24 |       ||    77
Evoke: Wand              |       |       |       |    18 |     8 |       |     1 |     4 |    11 ||    42
       Phial of floods   |       |       |       |     2 |       |     1 |       |     2 |     1 ||     6
       Lamp of fire      |       |       |       |       |     1 |       |       |     2 |       ||     3
       Fan of gales      |       |       |       |       |     1 |       |       |     1 |       ||     2
  Use: Scroll            |     1 |     7 |    11 |     9 |     2 |    12 |     2 |     5 |    11 ||    60
       Potion            |       |       |       |     2 |     5 |     5 |       |     1 |     9 ||    22
 Stab: Sleeping          |     1 |     2 |       |     1 |       |       |     1 |       |       ||     5
       Confused          |       |       |     1 |     8 |       |     4 |     9 |     1 |     2 ||    25
       Petrified         |       |       |       |     2 |       |     1 |       |     4 |       ||     7
       Distracted        |       |       |       |     1 |       |       |     3 |     3 |     3 ||    10
       Paralysed         |       |       |       |       |       |     1 |       |     1 |       ||     2
       Invisible         |       |       |       |       |       |       |    12 |       |     4 ||    16
       Petrifying        |       |       |       |       |       |       |       |     3 |     2 ||     5
       Betrayed ally     |       |       |       |       |       |       |       |     1 |       ||     1
  Eat: Chunk             |    13 |    13 |    36 |    56 |    28 |   141 |    77 |    79 |    33 ||   476
       Fruit             |       |       |       |       |       |     8 |       |       |     8 ||    16
       Meat ration       |       |       |       |       |       |       |       |       |     5 ||     5
       Bread ration      |       |       |       |       |       |       |       |       |     1 ||     1
Armor: Robe              |    26 |    46 |    69 |    42 |       |       |       |       |       ||   183
       Troll leather arm |       |       |       |    87 |       |       |       |       |       ||    87
       Gold dragon scale |       |       |       |   216 |   235 |  1641 |   887 |   127 |       ||  3106
       Skin              |       |       |       |       |    63 |     1 |       |     3 |       ||    67
       Quicksilver drago |       |       |       |       |       |       |       |   327 |       ||   327
       Storm dragon scal |       |       |       |       |       |       |       |    38 |   341 ||   379
Dodge: Dodged            |    25 |    64 |    82 |   192 |   104 |   851 |   442 |   740 |   502 ||  3002
Block: Other             |       |       |     7 |    50 |    37 |   219 |   243 |   240 |   154 ||   950
       Reflection        |       |       |       |       |       |     3 |    19 |    24 |     2 ||    48

Table legend:
 A = Turns spent in this place as a percentage of turns spent in the entire game.
 B = Non-inter-level travel turns spent in this place as a percentage of non-inter-level travel turns spent in the entire game.
 C = Inter-level travel turns spent in this place as a percentage of turns spent in this place.
 D = Turns resting spent in this place as a percentage of non-inter-level travel turns spent in this place.
 E = Turns spent auto-exploring this place as a percentage of non-inter-level travel turns spent in this place.
 F = Non-inter-level travel turns spent in this place divided by the number of levels of this place that you've seen.
                   A       B       C       D       E      F
               +-------+-------+-------+-------+-------+----------------------
         Total | 100.0 | 100.0 |   0.7 |   3.6 |   7.7 | 377.9
       Dungeon |  21.3 |  21.3 |   1.1 |   1.5 |  11.1 | 289.5
          Lair |   9.1 |   9.1 |   1.1 |   3.3 |  10.5 | 310.0
         Swamp |   5.1 |   5.1 |   0.7 |   1.5 |  12.7 | 259.8
   Spider Nest |   8.3 |   8.3 |   0.9 |   2.9 |   7.8 | 422.5
    Slime Pits |   3.5 |   3.6 |   0.4 |   3.7 |   1.5 | 145.0
  Orcish Mines |   2.2 |   2.1 |   2.0 |   3.0 |  10.8 | 217.5
   Elven Halls |   7.8 |   7.8 |   0.5 |   3.4 |   7.2 | 529.0
        Vaults |  12.3 |  12.4 |   0.3 |   1.8 |  10.2 | 631.8
        Depths |  20.2 |  20.2 |   0.7 |   5.6 |   4.4 | 824.2
           Zot |   8.8 |   8.8 |   0.3 |   8.9 |   0.6 | 358.8
      Ice Cave |   1.4 |   1.4 |   0.0 |   1.7 |   2.4 | 289.0
               +-------+-------+-------+-------+-------+----------------------

Table legend:
 A = Kills in this place as a percentage of kills in entire the game.
 B = Kills by you in this place as a percentage of kills by you in the entire game.
 C = Kills by friends in this place as a percentage of kills by friends in the entire game.
 D = Other kills in this place as a percentage of other kills in the entire game.
 E = Experience gained in this place as a percentage of experience gained in the entire game.
 F = Experience gained in this place divided by the number of levels of this place that you have seen.
                   A       B       C       D       E      F
               +-------+-------+-------+-------+-------+----------------------
         Total | 100.0 | 100.0 | 100.0 | 100.0 | 100.0 | 28448.1
       Dungeon |  20.2 |  20.3 |  11.8 |  27.3 |   6.7 | 6902.2
          Lair |   7.9 |   7.9 |   8.8 |   0.0 |   3.7 | 9347.0
         Swamp |   5.4 |   5.5 |   0.0 |   0.0 |   2.7 | 10440.8
   Spider Nest |   7.3 |   7.4 |   5.9 |   0.0 |   4.8 | 18364.2
    Slime Pits |   4.6 |   4.5 |  11.8 |   0.0 |   5.1 | 15721.4
  Orcish Mines |   3.6 |   3.7 |   0.0 |   0.0 |   1.0 | 7491.0
   Elven Halls |   7.5 |   7.6 |   2.9 |   0.0 |   8.8 | 45156.0
        Vaults |  16.7 |  16.2 |  47.1 |  36.4 |  15.9 | 61113.8
        Depths |  18.9 |  19.0 |   2.9 |  36.4 |  26.6 | 81866.8
           Zot |   7.0 |   7.0 |   8.8 |   0.0 |  24.3 | 74762.0
      Ice Cave |   0.9 |   1.0 |   0.0 |   0.0 |   0.3 | 4706.0
               +-------+-------+-------+-------+-------+----------------------
